 Dungeon Crawl Stone Soup version 0.23.0-33-g5e6c059 (webtiles) character file.

Game seed: 10563799477517987138

261 eccles the Chopper (level 5, -7/48 HPs)
             Began as a Minotaur Berserker on Feb 26, 2019.
             Was a Believer of Trog.
             Killed by divine providence
             ... invoked by an orc priest
              (10 damage)
             ... on level 3 of the Dungeon.
             The game lasted 00:09:20 (1556 turns).

eccles the Chopper (Minotaur Berserker)             Turns: 1556, Time: 00:09:21

Health: -7/48      AC: 11    Str: 21    XL:     5   Next: 96%
Magic:  4/4        EV:  8    Int:  4    God:    Trog [**....]
Gold:   48         SH:  0    Dex: 11    Spells: 4/4 levels left

rFire    . . .     SeeInvis .   a - +0 hand axe
rCold    + . .     Gourm    .   (no shield)
rNeg     . . .     Faith    .   l - +0 chain mail
rPois    .         Spirit   .   (helmet restricted)
rElec    .         Reflect  .   i - +1 cloak
rCorr    +         Harm     .   (no gloves)
MR       .....                  (no boots)
Stlth    ..........             (no amulet)
HPRegen  0.16/turn              g - ring of protection from cold
MPRegen  0.09/turn              n - ring of resist corrosion

@: berserk cooldown
A: retaliatory headbutt, horns 2
a: Berserk, Trog's Hand, Renounce Religion


You were on level 3 of the Dungeon.
You worshipped Trog.
Trog was pleased with you.
You were not hungry.

You visited 1 branch of the dungeon, and saw 3 of its levels.

You collected 48 gold pieces.

Inventory:

Hand Weapons
 a - a +0 hand axe (weapon)
Armour
 b - a +0 animal skin
 e - a +0 leather armour
 i - a +1 cloak (worn)
 l - a +0 chain mail (worn)
Jewellery
 g - a ring of protection from cold (left hand)
 n - a ring of resist corrosion (right hand)
 o - a -4 ring of evasion
Wands
 m - a wand of paralysis (1)
Scrolls
 d - a scroll of remove curse
 k - a scroll of identify
 p - a scroll of immolation
Potions
 h - a potion of heal wounds
 j - 2 potions of lignification
Comestibles
 c - 6 rations


   Skills:
 * Level 5.0 Fighting
 * Level 6.5 Axes
 + Level 3.5 Armour
 + Level 2.6 Dodging


You had 4 spell levels left.
You didn't know any spells.
Your spell library was empty.

Dungeon Overview and Level Annotations

Branches:
Dungeon (3/15)

Altars:
Xom


Innate Abilities, Weirdness & Mutations

You reflexively headbutt those who attack you in melee.
You have a pair of horns on your head.


Message History

The orc priest mumbles some strange prayers to Beogh against you.
Beogh smites you!
You closely miss the orc. Your headbutt misses the orc.
The orc hits you but does no damage. x2
You hit the orc.
You kill the orc!
Trog accepts your kill. The orc hits you but does no damage.
You closely miss the orc priest. Your headbutt misses the orc priest.
You barely miss the orc priest. Your headbutt misses the orc priest.
The orc priest calls down the wrath of Beogh upon you.
Beogh smites you!
* * * LOW HITPOINT WARNING * * *
The orc hits you from afar with a +0 trident.
* * * LOW HITPOINT WARNING * * *
You hit the orc priest.
The orc priest is heavily wounded.
The orc priest mumbles some strange prayers to Beogh against you.
Beogh smites you!
You die...

#.#.###.# ##.....##
#.#.# #.# ##...##
#.#.# #.# ##+##
#.#.###.####
#.#........# ###
#.#).##.##.# ....
#.#..##.##.# ...##
#.......##.##o.....
##.#....†...@oo....#
#.##........##S#.###
##.###.###### #
##.#.## ##.## ###


You could see 2 orc priests, an adder and an orc.

Vanquished Creatures
  A necrophage (D:2)
  Ijyb (D:3)
  An adder (D:3)
  7 gnolls
  A worm (D:2)
  2 dart slugs (D:2)
  3 leopard geckos
  2 orcs (D:3)
  A ball python (D:2)
  2 giant cockroaches (D:1)
  8 goblins
  3 hobgoblins (D:2)
  5 jackals (D:1)
  10 kobolds
  A quokka (D:2)
  5 bats
  A frilled lizard (D:2)
  5 rats
59 creatures vanquished.

Notes
Turn   | Place    | Note
-------+----------+-------------------------------------------
     0 | D:1      | eccles the Minotaur Berserker began the quest for the Orb.
     0 | D:1      | Reached XP level 1. HP: 19/19 MP: 0/0
   114 | D:1      | Reached skill level 4 in Axes
   114 | D:1      | Reached XP level 2. HP: 20/27 MP: 1/1
   514 | D:1      | Reached ** piety under Trog
   621 | D:2      | Reached XP level 3. HP: 32/33 MP: 2/2
   690 | D:2      | Reached XP level 4. HP: 38/41 MP: 3/3
   748 | D:2      | Found a shimmering altar of Xom.
   798 | D:2      | Noticed a necrophage
   806 | D:2      | Killed a necrophage
   806 | D:2      | Reached skill level 5 in Fighting
   806 | D:2      | Reached skill level 5 in Axes
   806 | D:2      | Reached XP level 5. HP: 33/48 MP: 4/4
  1189 | D:3      | Reached skill level 6 in Axes
  1485 | D:3      | Noticed Ijyb
  1494 | D:3      | Paralysed by Ijyb for 6 turns
  1503 | D:3      | Killed Ijyb
  1556 | D:3      | Killed from afar by an orc priest

Skill      XL: |  1  2  3  4  5 |
---------------+----------------+-----
Axes           | 4 5 6 |  6.5
Fighting       | 4 5 |  5.0
Armour         | 3 |  3.5
Dodging        | |  2.6

Action                   |  1- 3 |  4- 6 || total
-------------------------+-------+-------++-------
Melee: Hand axe          |    67 |    78 ||   145
       Headbutt          |    11 |    12 ||    23
Invok: Berserk           |     1 |     1 ||     2
Evoke: Wand              |       |     1 ||     1
  Use: Scroll            |       |     7 ||     7
  Eat: Chunk             |       |     4 ||     4
Armor: Leather armour    |     9 |       ||     9
       Chain mail        |    20 |    38 ||    58
Dodge: Dodged            |    36 |    23 ||    59
